 Dungeon Crawl Stone Soup version 0.23-a0-767-gdc19b93d68 (webtiles) character file.

8323 Maize the Cleaver (level 11, -4/101 HPs)
             Began as a Hill Orc Fighter on Jan 24, 2019.
             Was an Elder of Okawaru.
             Slain by a ten-headed hydra (8 damage)
             ... on level 9 of the Dungeon.
             The game lasted 00:23:25 (12144 turns).

Maize the Cleaver (Hill Orc Fighter)               Turns: 12144, Time: 00:23:25

Health: -4/101     AC: 23    Str: 23    XL:     11   Next: 29%
Magic:  13/14      EV:  9    Int:  8    God:    Okawaru [****..]
Gold:   252        SH:  3    Dex: 10    Spells: 10/10 levels left

rFire    . . .     SeeInvis .   D - +0 battleaxe
rCold    . . .     Gourm    .   (shield currently unavailable)
rNeg     . . .     Faith    .   H - +0 plate armour
rPois    .         Spirit   .   k - +0 helmet
rElec    .         Reflect  +   J - +0 cloak
rCorr    .         Harm     .   v - +0 pair of gloves (curse)
MR       .....                  q - +0 pair of boots
Stlth    ..........             B - +3 amulet of reflection
HPRegen  0.26/turn              (no ring)
MPRegen  0.14/turn              (no ring)

@: heroism
A: no striking features
a: Heroism, Renounce Religion


You were on level 9 of the Dungeon.
You worshipped Okawaru.
Okawaru was greatly pleased with you.
You were not hungry.

You visited 2 branches of the dungeon, and saw 10 of its levels.

You collected 558 gold pieces.
You spent 306 gold pieces at shops.

Inventory:

Hand Weapons
 a - a +0 war axe
 D - a +0 battleaxe (weapon)
Missiles
 b - 6 needles of sleeping
 E - 12 tomahawks (quivered)
 I - 2 steel javelins
Armour
 k - a +0 helmet (worn)
 q - a +0 pair of boots (worn)
 v - a cursed +0 pair of gloves (worn)
 H - a +0 plate armour (worn)
 J - a +0 cloak (worn)
Jewellery
 p - an uncursed ring of fire
 B - a +3 amulet of reflection (around neck)
Wands
 j - a wand of polymorph (13)
 s - a wand of iceblast (10)
 F - a wand of random effects (20)
 M - a wand of flame (13)
Scrolls
 e - 8 scrolls of remove curse
 g - a scroll of random uselessness {unknown}
 h - 5 scrolls of blinking
 m - 2 scrolls of magic mapping
 n - 3 scrolls of fear
 o - a scroll of enchant weapon {unknown}
 u - 3 scrolls of fog
 y - 3 scrolls of immolation
 A - 4 scrolls of teleportation
 K - a scroll of amnesia
Potions
 c - 3 potions of curing
 d - 4 potions of might
 i - 2 potions of lignification
 l - 3 potions of invisibility
 r - 4 potions of haste
 t - 3 potions of flight
 w - a potion of brilliance {unknown}
 x - a potion of degeneration {unknown}
 z - a potion of heal wounds
 L - a potion of mutation {unknown}
 N - a potion of berserk rage
Comestibles
 f - 17 rations


   Skills:
 + Level 10.6(15.6) Fighting
 * Level 14.9(19.9) Axes
 + Level 9.8(14.8) Armour
   Level 3.5(8.5) Shields
 + Level 4.2 Invocations


You had 10 spell levels left.
You didn't know any spells.
Your spell library contained the following spells:

 Spells                   Type           Power        Failure   Level  Hunger
 Beastly Appendage        Tmut           #.....       98%         1    ##.....
 Corona                   Hex            #......      98%         1    ##.....
 Freeze                   Ice            #...         98%         1    ##.....
 Ensorcelled Hibernation  Hex/Ice        #.....       99%         2    ###....
 Sticks to Snakes         Tmut           #.......     99%         2    ###....
 Throw Frost              Conj/Ice       #.....       99%         2    ###....
 Confuse                  Hex            #.......     100%        3    ####...
 Dazzling Spray           Conj/Hex       #.....       100%        3    ####...
 Ozocubu's Armour         Chrm/Ice       #.......     100%        3    ####...
 Spider Form              Tmut/Pois      #.........   100%        3    ####...
 Tukima's Dance           Hex            #.......     100%        3    ####...
 Ice Form                 Ice/Tmut       #.......     100%        4    #####..
 Summon Ice Beast         Ice/Summ       #.......     100%        4    #####..
 Throw Icicle             Conj/Ice       #.......     100%        4    #####..
 Blade Hands              Tmut           #.........   100%        5    ######.


Dungeon Overview and Level Annotations

Branches:
Dungeon (9/15)             Temple (1/1) D:6            Lair (0/6) D:8
    Orc (0/2) D:9

Altars:
Elyvilon
Fedhas
Kikubaaqudgha
Makhleb
Okawaru
Sif Muna
Vehumet
Xom
Zin
Beogh

Shops:
D:6 *   D:8 :([?[   D:9 *


Message History

Aim: a big kobold, wielding a +0 short sword That beam is likely to hit you.
Continue anyway?
The mass of ice explodes!
The iceblast engulfs the ten-headed hydra.
The ten-headed hydra is severely wounded.
The iceblast engulfs the big kobold.
The big kobold is heavily wounded.
The iceblast engulfs you!
* * * LOW HITPOINT WARNING * * *
The ten-headed hydra bites you.
* * * LOW HITPOINT WARNING * * *
The ten-headed hydra bites you but does no damage.
The ten-headed hydra bites you!
* * * LOW HITPOINT WARNING * * *
The ten-headed hydra closely misses you.
The ten-headed hydra barely misses you. The ten-headed hydra misses you.
The ten-headed hydra closely misses you.
The ten-headed hydra bites you but does no damage. x2
The ten-headed hydra bites you!
You die...

####..## #)## #...... ##.#
#[# #.##... #.# #)####.#....
####.### ##.#...)#...#
##......## #<)#.###..#..
##........## #.#..##..#...
#..........# #..)##..#..#.
#......############...#..###
#......#.KD@....# #...#.## #
#......#).#.....# #.....# #
#......#+###'''## #...### #
##..(".#.≈P.....# #...# #
#......#≈≈≈.....###...# #
#......#≈≈P..P..#.....#
#......#P≈......##Y#######
#......#PP≈†≈.≈.##....YY.###
#......#####)###########.Y>.


You could see a ten-headed hydra and a big kobold.

Vanquished Creatures
  A cyclops (D:7)
  Maurice (D:9)
  A troll (D:9)
  Prince Ribbit (D:9)
  A hippogriff (D:9)
  2 dream sheep (D:9)
  2 wyverns (D:9)
  8 yaks
  A hungry ghost (D:7)
  A warg (D:9)
  2 water moccasins
  An ice beast (D:6)
  2 sky beasts
  9 orc warriors
  An eye of draining (D:9)
  4 ogres
  A centaur (D:5)
  4 big kobolds
  Blork the orc (D:4)
  2 bullfrogs
  2 gnoll sergeants (D:9)
  A wyvern zombie (D:7)
  2 scorpions
  An electric eel (D:8)
  5 crimson imps
  A bullfrog zombie (D:6)
  3 centaur zombies
  A hound (D:9)
  A quasit (D:9)
  2 jellies
  Crazy Yiuf (D:7)
  7 orc priests
  A gnoll shaman (D:7)
  Jessica (D:3)
  2 centaur skeletons
  2 iguanas
  25 orc wizards
  12 worker ants
  A hound zombie (D:6)
  A hound skeleton (D:4)
  2 worker ant zombies (D:6)
  10 adders
  16 gnolls
  4 shadow imps
  3 oozes
  An adder skeleton (D:9)
  4 worms
  2 leopard geckos (D:6)
  76 orcs
  A ball python (D:6)
  10 bats
  3 giant cockroaches
  12 goblins
  3 hobgoblins
  6 jackals
  2 quokkas
  6 frilled lizards
  A jackal skeleton (D:6)
  A jackal zombie (D:6)
  14 kobolds
  A leopard gecko skeleton (D:4)
  A leopard gecko zombie (D:5)
  A quokka skeleton (D:8)
  14 rats
312 creatures vanquished.

Vanquished Creatures (others)
  A gnoll (D:9)
  4 orcs (D:9)
  A plant (D:9)
6 creatures vanquished.

Grand Total: 318 creatures vanquished

Notes
Turn   | Place    | Note
-------+----------+-------------------------------------------
     0 | D:1      | Maize the Hill Orc Fighter began the quest for the Orb.
     0 | D:1      | Reached XP level 1. HP: 19/19 MP: 1/1
    78 | D:1      | Reached skill level 3 in Axes
    78 | D:1      | Reached XP level 2. HP: 27/27 MP: 2/2
   485 | D:2      | Reached XP level 3. HP: 33/33 MP: 3/3
   717 | D:2      | Reached skill level 4 in Axes
   939 | D:2      | Reached XP level 4. HP: 40/40 MP: 4/4
  1303 | D:3      | Found a blossoming altar of Fedhas.
  1594 | D:3      | Noticed Jessica
  1603 | D:3      | Killed Jessica
  1603 | D:3      | Reached skill level 5 in Axes
  1603 | D:3      | Reached XP level 5. HP: 42/47 MP: 5/5
  1844 | D:3      | Found a burning altar of Makhleb.
  1845 | D:3      | Noticed an Executioner
  1848 | D:3      | Found a glowing silver altar of Zin.
  1848 | D:3      | Noticed an angel
  2055 | D:4      | Noticed Blork the orc
  2059 | D:4      | Killed Blork the orc
  2093 | D:4      | Reached XP level 6. HP: 48/55 MP: 6/6
  2147 | D:4      | Reached skill level 6 in Axes
  2148 | D:4      | Reached skill level 5 in Fighting
  2623 | D:4      | Reached skill level 7 in Axes
  2623 | D:4      | Reached XP level 7. HP: 36/61 MP: 7/7
  2633 | D:4      | Reached skill level 5 in Armour
  3286 | D:5      | Entered Level 5 of the Dungeon
  3671 | D:5      | Reached skill level 8 in Axes
  3845 | D:5      | Reached XP level 8. HP: 29/70 MP: 8/8
  4038 | D:5      | Reached skill level 9 in Axes
  5495 | D:6      | Reached skill level 10 in Axes
  5835 | D:6      | Found Jogu's General Store.
  5932 | D:6      | Reached XP level 9. HP: 78/79 MP: 9/9
  6149 | D:6      | Found a staircase to the Ecumenical Temple.
  6162 | Temple   | Entered the Ecumenical Temple
  6172 | Temple   | Became a worshipper of Warmaster Okawaru
  6281 | D:6      | Found a shimmering altar of Xom.
  6659 | D:7      | Reached skill level 11 in Axes
  6767 | D:7      | Found a runed door.
  7055 | D:7      | Found a radiant altar of Vehumet.
  7065 | D:7      | Found an ancient bone altar of Kikubaaqudgha.
  7074 | D:7      | Found a deep blue altar of Sif Muna.
  7570 | D:7      | Reached * piety under Okawaru
  7592 | D:7      | Reached skill level 12 in Axes
  8235 | D:7      | Found a roughly hewn altar of Beogh.
  8307 | D:7      | Reached XP level 10. HP: 91/91 MP: 10/10
  8316 | D:7      | Found a runed door.
  8521 | D:7      | Noticed a cyclops
  8529 | D:7      | Killed a cyclops
  8529 | D:7      | Reached ** piety under Okawaru
  8754 | D:7      | Noticed Crazy Yiuf
  8762 | D:7      | Killed Crazy Yiuf
  8762 | D:7      | Reached skill level 13 in Axes
  9064 | D:8      | Found Daqiatiz's Armour Boutique.
  9065 | D:8      | Found Sessim's Antique Weapon Emporium.
  9075 | D:8      | Found Wiasiung's Book Shoppe.
  9244 | D:8      | Found a staircase to the Lair.
  9564 | D:8      | Found Zaaclim's Magic Scroll Boutique.
  9577 | D:8      | Bought a scroll of identify for 26 gold pieces
  9577 | D:8      | Bought a scroll of fog for 26 gold pieces
  9577 | D:8      | Bought a scroll of identify for 26 gold pieces
  9577 | D:8      | Bought a scroll of amnesia for 45 gold pieces
  9577 | D:8      | Bought a scroll of identify for 26 gold pieces
  9717 | D:8      | Found Fiyng's Antique Armour Shop.
  9721 | D:8      | Bought a pair of embroidered gloves for 157 gold pieces
  9804 | D:9      | HP: 1/91 [orc warrior/tomahawk of returning (8)]
  9816 | D:8      | HP: 3/91 [orc/+0 whip (1)]
 10885 | D:9      | Reached skill level 1 in Invocations
 10887 | D:9      | Reached *** piety under Okawaru
 10887 | D:9      | Reached skill level 10 in Fighting
 10888 | D:9      | Reached skill level 14 in Axes
 11024 | D:9      | Found a staircase to the Orcish Mines.
 11103 | D:9      | Reached XP level 11. HP: 64/100 MP: 4/13
 11141 | D:9      | Noticed Prince Ribbit
 11169 | D:9      | Killed Prince Ribbit
 11216 | D:9      | Noticed Maurice
 11227 | D:9      | Killed Maurice
 11227 | D:9      | Reached **** piety under Okawaru
 11263 | D:9      | Found Vogoanu's Demolitions Depot.
 12088 | D:9      | Received a gift from Okawaru
 12131 | D:9      | Noticed a two-headed hydra
 12144 | D:9      | HP: 4/101 [ten-headed hydra (7)]
 12144 | D:9      | Slain by a ten-headed hydra

Vault maps used:
D:1:      scummos_arrival_checkerplants
D:3:      grunt_temple_overflow_order_and_chaos_2, marbit_many_paths,
          uniq_jessica
D:4:      corexii_checkpoint_b, uniq_blork_the_orc
D:5:      first_ration
D:6:      xom_teletrap_fun, minmay_temple_entry_antechambers, serial_shops,
          nicolae_shop_statue_plus, kennysheep_potato
D:7:      palyth_temple_overflow_mages, lightli_church_of_beogh,
          uniq_crazy_yiuf_cottage
D:8:      lair_entry_dummy, serial_shops, nicolae_shop_crystal,
          nicolae_shop_stone, nicolae_shop_window_shopping, shop,
          nicolae_shop_stone
D:9:      erik_orc_4, hangedman_ranch, nicolae_blasting_shop, uniq_maurice,
          uniq_prince_ribbit1
Temple:   regret_index_temple_waves

Skill      XL: |  1  2  3  4  5  6  7  8  9 10 11 |
---------------+----------------------------------+-----
Axes           | 3 4 5 7 8 10 12 14 | 14.9
Fighting       | 4 5 6 7 9 10 | 10.6
Armour         | 4 5 6 8 9 |  9.8
Invocations    | 2 4 |  4.2
Shields        | |  3.5

Action                   |  1- 3 |  4- 6 |  7- 9 | 10-12 || total
-------------------------+-------+-------+-------+-------++-------
Melee: War axe           |   110 |   167 |   484 |    37 ||   798
       Battleaxe         |       |       |       |   318 ||   318
Invok: Heroism           |       |       |     1 |     8 ||     9
Evoke: Wand              |       |       |     2 |     1 ||     3
  Use: Scroll            |       |       |     8 |     5 ||    13
       Potion            |       |       |       |     1 ||     1
  Eat: Chunk             |       |     6 |    18 |    11 ||    35
       Ration            |       |       |       |     1 ||     1
Armor: Scale mail        |    72 |    75 |   216 |    71 ||   434
       Plate armour      |       |       |       |   120 ||   120
Dodge: Dodged            |    62 |    76 |   189 |   145 ||   472
Block: Shield            |    59 |       |       |       ||    59
       Other             |       |       |       |     8 ||     8
       Reflection        |       |       |       |     1 ||     1

Table legend:
 A = Non-vault XP
 B = Vault XP
 C = Vault XP percentage of total XP
 D = Non-vault monster count
 E = Vault monster count
 F = Vault count percentage of total count
                 A         B        C        D         E       F
            +---------+---------+-------+---------+---------+-------
      Total |    8494 |    3397 |  28.6 |     254 |      58 |  18.6
            +---------+---------+-------+---------+---------+-------
        D:1 |      31 |       0 |   0.0 |      18 |       0 |   0.0
        D:2 |      73 |       0 |   0.0 |      22 |       0 |   0.0
        D:3 |      66 |      40 |  37.7 |      24 |       2 |   7.7
        D:4 |     661 |      97 |  12.8 |      26 |       3 |  10.3
        D:5 |     794 |       0 |   0.0 |      26 |       0 |   0.0
        D:6 |     855 |      80 |   8.6 |      33 |       3 |   8.3
        D:7 |    1857 |     856 |  31.6 |      41 |      28 |  40.6
        D:8 |     682 |     141 |  17.1 |      16 |       1 |   5.9
        D:9 |    3475 |    2183 |  38.6 |      48 |      21 |  30.4
            +---------+---------+-------+---------+---------+-------
